AoeStats
← [SAPR] Janstonbeats

Arabian Desert

510089155Analyzed
1v1 RM · 2d ago on Sep 29, 2026· 20m 48s· 2 players
Game mode
Random Map
Map size
Tiny (2 player)
Population
200
Speed
Normal
Resources
Standard
Victory
Conquest
Starting age
Dark Age
Ending age
Imperial Age
RankedLock teamsTeams togetherTeam positionsShared explorationLock speedFull tech treeHidden civsTurbo modeCheats
Victory
Defeat
1122
+15
🇫🇷 Magyars · France
1090
-15
[SAPR] Janstonbeats
6:04 Loom
9:02 Feudal Age
9:54 Double-Bit Axe
13:24 Wheelbarrow
20:05 Castle Age
Knights hospitaller
6:56 Loom
9:12 Feudal Age
9:53 Double-Bit Axe
14:59 Bloodlines
18:37 Horse Collar
19:51 Wheelbarrow
19:45 Forging
Connection lost

Rejoining the realm…

Still unreachable

The connection could not be restored.

Session expired

The server has moved on; the page needs a fresh start.